 Dungeon Crawl Stone Soup version 0.18.1-48-g4cf74bf (webtiles) character file.

9 Krapule the Skirmisher (level 2, 0/24 HPs)
             Began as a Formicid Abyssal Knight on Aug 12, 2016.
             Was a Follower of Lugonu.
             Slain by a hobgoblin (3 damage)
             ... on level 1 of the Dungeon.
             The game lasted 00:01:31 (349 turns).

Krapule the Skirmisher (Formicid Abyssal Knight)     Turns: 349, Time: 00:01:32

Health: 0/24       AC:  3    Str: 16    XL:     2   Next: 20%
Magic:  3/3        EV: 11    Int: 11    God:    Lugonu [*.....]
Gold:   24         SH:  0    Dex: 10    Spells: 0 memorised, 1 level left

rFire  . . .     SeeInvis +     a - +1 falchion
rCold  . . .     Gourm    .     b - +0 leather armour
rNeg   . . .     Faith    .     (no shield)
rPois  .         Spirit   .     (helmet unavailable)
rElec  .         Dismiss  .     (no cloak)
rCorr  .         Reflect  .     (no gloves)
SustAt .         Harm     .     (no boots)
MR     .....                    (no amulet)
Stlth  +.........               (no ring)
                                e - ring of wizardry

@: not resistant to hostile enchantments, very unstealthy
A: permanent stasis, dig shafts and tunnels, four strong arms, antennae 3
a: Dig, Shaft Self, Depart the Abyss, Renounce Religion


You were on level 1 of the Dungeon.
You worshipped Lugonu.
Lugonu was aware of your devotion.
You were not hungry.

You visited 1 branch of the dungeon, and saw 1 of its levels.
You visited the Abyss 1 time.

You collected 24 gold pieces.

Inventory:

Hand Weapons
 a - a +1 falchion (weapon)
Armour
 b - a +0 leather armour (worn)
Jewellery
 e - a ring of wizardry (left hand)
Scrolls
 d - a scroll of identify {unknown}
Potions
 f - a potion of flight {unknown}
 g - a potion of berserk rage {unknown}
 h - a potion of agility {unknown}
Comestibles
 c - a bread ration


   Skills:
 + Level 3.4 Fighting
 + Level 2.0 Long Blades
 + Level 2.2 Armour
 + Level 1.1 Dodging
 + Level 1.0 Stealth
 + Level 2.3 Invocations


You had one spell level left.
You didn't know any spells.

Dungeon Overview and Level Annotations

Branches:
Dungeon (1/15)

Altars:


Innate Abilities, Weirdness & Mutations

You are under a permanent stasis effect.
You can dig through walls and to a lower floor.
Your four strong arms can wield two-handed weapons with a shield.
You have a pair of large antennae on your head (SInv).


Message History

The kobold throws a stone.
The stone hits you but does no damage.
You see here a stone.
The jackal bites you but does no damage.
The jackal closely misses you. The jackal bites you.
* * * LOW HITPOINT WARNING * * *
You barely miss the jackal. The jackal bites you.
* * * LOW HITPOINT WARNING * * *
You barely miss the jackal. The jackal closely misses you.
The jackal bites you.
* * * LOW HITPOINT WARNING * * *
You hit the jackal.
The jackal is moderately wounded.
The jackal bites you but does no damage.
The jackal barely misses you.
You hit the jackal.
You kill the jackal!
Lugonu accepts your kill. The hobgoblin hits you.
You die...

#.....# #.....# ######.....#
...(.....).# .....({†...#
...(...{...# # ...........#
###.
.........(################....
#.........(K.ghg@..........#
#.......###########.......[#
#....#################....##
#...## ###.......### ##...##
#..# ##......§§§..## ##...# (.
#....≈≈.≈≈....## #...#
#...§≈≈§.≈§≈≈[..# #...#
#..≈≈.......≈≈..####..#
#.§§§..#####..≈...# #..#


You could see a jackal, 2 hobgoblins and a kobold.

Vanquished Creatures
  A dart slug (D:1)
  2 goblins (D:1)
  A hobgoblin (D:1)
  A jackal (D:1)
  A kobold (D:1)
6 creatures vanquished.

Notes
Turn   | Place    | Note
--------------------------------------------------------------
     0 | Abyss:1  | Krapule the Formicid Abyssal Knight began the quest for the Orb.
     0 | Abyss:1  | Reached XP level 1. HP: 18/18 MP: 2/2
    55 | Abyss:1  | Noticed an ice beast
    68 | Abyss:1  | Noticed an apocalypse crab
    70 | D:1      | Escaped the Abyss
   166 | D:1      | Reached skill level 1 in Dodging
   173 | D:1      | Reached * piety under Lugonu
   173 | D:1      | Reached skill level 1 in Stealth
   173 | D:1      | Reached XP level 2. HP: 11/24 MP: 3/3
   349 | D:1      | Slain by a hobgoblin

Skill      XL: |  1 |
---------------+----+-----
Dodging        | 1 |  1.1
Stealth        | 1 |  1.0
Fighting       | |  3.4
Long Blades    | |  2.0
Armour         | |  2.2
Invocations    | |  2.3

Action                   || total
-------------------------++-------
Melee: Falchion          ||    24
Invok: Depart the Abyss  ||     1
Armor: Leather armour    ||     8
Dodge: Dodged            ||    20
